 Dungeon Crawl Stone Soup version 0.18.1-50-g88ac8fd (webtiles) character file.

541 Nordron the Changer (level 7, -1/34 HPs)
             Began as an Octopode Transmuter on Oct 2, 2016.
             Slain by blejac99's ghost (5 damage)
             ... on level 4 of the Dungeon.
             The game lasted 00:24:57 (4835 turns).

Nordron the Changer (Octopode Transmuter)           Turns: 4835, Time: 00:24:57

Health: -1/34      AC:  2    Str: 12    XL:     7   Next: 26%
Magic:  10/10      EV:  8    Int: 19    God:
Gold:   158        SH:  0    Dex: 19    Spells: 3 memorised, 1 level left

rFire  . . .     SeeInvis +     J - +4 long sword of Punishment {freeze, Int+4 Dex+4 SInv}
rCold  . . .     Gourm    .     (no shield)
rNeg   . . .     Faith    .     (helmet restricted)
rPois  .         Spirit   .     (no amulet)
rElec  .         Dismiss  .     A - +3 ring of strength
rCorr  .         Reflect  .     (no ring)
SustAt .         Harm     .     (no ring)
MR     .....                    (no ring)
Stlth  +++.......               (no ring)
                                (no ring)
                                (no ring)
                                (no ring)

@: appendage, not resistant to hostile enchantments, fairly stealthy
A: almost no armour, amphibious, 8 rings, constrict 8, tentacle spike 3, icy
blue scales 1, camouflage 1, frail 2, gelatinous body 1
a: End Transformation


You were on level 4 of the Dungeon.
You were not hungry.
One of your tentacles had a temporary spike.
You visited 1 branch of the dungeon, and saw 4 of its levels.
You also visited: Sewer.

You collected 158 gold pieces.

Inventory:

Hand Weapons
 e - a +2 whip of venom
 m - a +2 short sword of venom
 q - a +2 short sword of holy wrath
 r - a +2 spear of chaos
 J - the +4 long sword of Punishment (weapon) {freeze, Int+4 Dex+4 SInv}
   (You found it on level 4 of the Dungeon)

   It has been specially enchanted to freeze those struck by it, causing extra
   injury to most foes and up to half again as much damage against particularly
   susceptible opponents.
   It can also slow down cold-blooded creatures.
   It affects your intelligence (+4).
   It affects your dexterity (+4).
   It lets you see invisible.
Missiles
 a - 77 arrows
Jewellery
 A - a +3 ring of strength (left tentacle)
Wands
 C - a wand of enslavement (11/24)
Scrolls
 f - 3 scrolls of remove curse {unknown}
 h - 2 scrolls of amnesia {unknown}
 i - 2 scrolls of enchant armour {unknown}
 j - 3 scrolls of teleportation {unknown}
 l - 2 scrolls of random uselessness {unknown}
 t - 2 scrolls of fear {unknown}
 u - a scroll of recharging {unknown}
 v - a scroll of magic mapping {unknown}
 w - 4 scrolls of identify {unknown}
 y - a scroll of fog {unknown}
 B - a scroll of blinking {unknown}
Potions
 d - 3 potions of magic {unknown}
 g - 2 potions of mutation
 o - 3 potions of flight {unknown}
 p - a potion of cure mutation {unknown}
 s - 6 potions of curing {unknown}
 x - 2 potions of brilliance {unknown}
 z - 2 potions of berserk rage {unknown}
 D - a potion of degeneration {unknown}
 H - a potion of agility {unknown}
 I - a potion of resistance {unknown}
Books
 b - a book of Changes

   Spells                             Type                      Level
   a - Beastly Appendage              Transmutation                1
   b - Sticks to Snakes               Transmutation                2
   c - Spider Form                    Transmutation/Poison         3
   d - Ice Form                       Ice/Transmutation            4
   e - Blade Hands                    Transmutation                5
 k - a book of Envenomations

   Spells                             Type                      Level
   a - Spider Form                    Transmutation/Poison         3
   b - Olgreb's Toxic Radiance        Poison                       4
   c - Alistair's Intoxication        Transmutation/Poison         5
   d - Poisonous Cloud                Conjuration/Poison/Air       6
Comestibles
 c - 4 bread rations
 n - a royal jelly
 E - a beef jerky
 F - 4 fruits
 G - 3 chunks of flesh


   Skills:
 + Level 1.0 Fighting
 + Level 2.0 Dodging
 - Level 3.0 Unarmed Combat
 - Level 2.0 Spellcasting
 * Level 7.8 Transmutations


You had one spell level left.
You knew the following spells:

 Your Spells              Type           Power        Failure   Level  Hunger
a - Beastly Appendage     Trmt           ####..       1%          1    #......
b - Spider Form           Trmt/Pois      ###.......   12%         3    ###....
c - Blade Hands           Trmt           ####......   21%         5    ######.


Dungeon Overview and Level Annotations

Branches:
Dungeon (4/15)
 Temple: D:4-7

Altars:
Ashenzari
Xom

Annotations:
D:4 blejac99's ghost, novice DsGl


Innate Abilities, Weirdness & Mutations

You cannot wear most types of armour.
You are amphibious.
You can wear up to eight rings at the same time.
You can use your tentacles to constrict eight enemies at once.
Your skin changes colour to match your surroundings (Stealth).
Your rubbery body absorbs attacks (AC +1).
One of your tentacles bears a large vicious spike.
You are partially covered in icy blue scales (AC +1).
You are very frail (-20% HP).


Message History

The floor.
Blejac99's ghost turns its malevolent gaze towards you.
There is an escape hatch in the floor here.
Casting: Beastly Appendage
Confirm with . or Enter, or press ? or * to list all spells.
One of your tentacles grows a vicious spike.
You slash blejac99's ghost! You freeze blejac99's ghost.
You pierce blejac99's ghost, but do no damage.
Blejac99's ghost is moderately damaged.
Blejac99's ghost hits you!
You slash blejac99's ghost! You freeze blejac99's ghost.
Your tentacle spike misses blejac99's ghost.
Blejac99's ghost is heavily damaged.
Blejac99's ghost misses you. Blejac99's ghost hits you.
You closely miss blejac99's ghost.
Blejac99's ghost is heavily damaged.
Blejac99's ghost hits you!
* * * LOW HITPOINT WARNING * * *
Blejac99's ghost hits you.
You die...

###################
#.......##........#
#.......##.######.#####
#.......##.#### #.#...##
#######.............###......#
#..............#.##..........#
#.#####..........######......#
#.# #........#.######.#...## #.#
#######@##......).##.## ##.####
#W############..# #.....# #.#
##.# #..##.# ##'## #.# #..##.#
##...## #.# #..##.# ##.....## ###
#.# #..#..# ##.......## ##.###.#
###.....####.........####...##.##
...........'.........'...........


You could see blejac99's ghost.

Vanquished Creatures
  Purgy (Sewer)
  A giant frog (D:3)
  2 scorpions (D:4)
  An orc priest (D:3)
  A hound (D:4)
  2 orc wizards
  2 worker ants
  An adder (D:2)
  A worm (D:3)
  A dart slug (D:2)
  8 giant geckos
  14 orcs
  8 giant cockroaches
  3 goblins
  9 hobgoblins
  13 kobolds
  2 quokkas
  5 ball pythons
  9 bats
  A giant gecko zombie (D:3)
  7 giant newts
  11 rats
103 creatures vanquished.

Notes
Turn   | Place    | Note
--------------------------------------------------------------
     0 | D:1      | Nordron the Octopode Transmuter began the quest for the Orb.
     0 | D:1      | Reached XP level 1. HP: 13/13 MP: 3/3
    88 | D:1      | Reached XP level 2. HP: 18/18 MP: 3/5
   177 | D:1      | Found a shattered altar of Ashenzari.
   271 | D:1      | Reached skill level 3 in Transmutations
   781 | D:2      | Reached XP level 3. HP: 14/23 MP: 6/6
  1285 | D:2      | Reached skill level 4 in Transmutations
  1522 | D:2      | Reached XP level 4. HP: 28/28 MP: 5/7
  1601 | D:2      | Found a shimmering altar of Xom.
  2094 | D:3      | Gained mutation: You are frail (-10% HP). [potion of mutation]
  2094 | D:3      | Gained mutation: You are very frail (-20% HP). [potion of mutation]
  2094 | D:3      | Gained mutation: You are partially covered in icy blue scales (AC +1). [potion of mutation]
  2094 | D:3      | HP: 1/22 [poisoned by an orc]
  2107 | D:3      | Reached skill level 5 in Transmutations
  2107 | D:3      | Reached XP level 5. HP: 20/26 MP: 8/8
  2130 | D:3      | Found a glowing drain.
  2179 | Sewer    | Entered a sewer
  2401 | Sewer    | Noticed Purgy
  2736 | Sewer    | Learned a level 3 spell: Spider Form
  3146 | Sewer    | Killed Purgy
  3146 | Sewer    | Reached skill level 6 in Transmutations
  3146 | Sewer    | Reached XP level 6. HP: 30/30 MP: 9/9
  3228 | D:3      | Learned a level 5 spell: Blade Hands
  3929 | D:4      | Reached skill level 7 in Transmutations
  4007 | D:4      | Noticed blejac99's ghost (novice DsGl)
  4307 | D:4      | Reached XP level 7. HP: 29/34 MP: 8/10
  4769 | D:4      | Got a dazzling long sword
  4774 | D:4      | Identified the +4 long sword of Punishment {freeze, Int+4 Dex+4 SInv} (You found it on level 4 of the Dungeon)
  4835 | D:4      | Slain by blejac99's ghost

Skill      XL: |  1  2  3  4  5  6 |
---------------+-------------------+-----
Transmutations | 3 4 5 6 7 |  7.8
Fighting       | |  1.0
Dodging        | |  2.0
Unarmed Combat | |  3.0
Spellcasting   | |  2.0

Action                   |  1- 3 |  4- 6 |  7- 9 || total
-------------------------+-------+-------+-------++-------
Melee: Unarmed           |    10 |       |       ||    10
       Constrict         |    27 |    30 |     3 ||    60
       Tentacles         |    18 |    11 |     1 ||    30
       Kick              |    16 |    17 |     6 ||    39
       Whip              |    79 |    54 |       ||   133
       Punch             |     2 |     4 |     1 ||     7
       Spear             |       |    46 |       ||    46
       Short sword       |       |    47 |    10 ||    57
       Long sword        |       |       |     3 ||     3
 Cast: Beastly Appendage |    20 |    20 |     3 ||    43
  Use: Potion            |       |     2 |       ||     2
 Stab: Sleeping          |     3 |     8 |     1 ||    12
  Eat: Chunk             |     2 |     5 |     2 ||     9
       Bread ration      |       |     1 |       ||     1
Armor: Skin              |    12 |     9 |       ||    21
Dodge: Dodged            |    61 |    50 |     6 ||   117
